 Dungeon Crawl Stone Soup version 0.19-a0-1899-g2d93087 (webtiles) character file.

41 scalarboson the Cudgeler (level 3, -6/37 HPs)
             Began as an Ogre Skald on Oct 20, 2016.
             Mangled by a gnoll (8 damage)
             ... on level 2 of the Dungeon.
             The game lasted 00:02:30 (1231 turns).

scalarboson the Cudgeler (Ogre Skald)               Turns: 1231, Time: 00:02:31

Health: -6/37      AC:  3    Str: 17    XL:     3   Next: 52%
Magic:  4/7        EV: 10    Int: 12    God:
Gold:   12         SH:  0    Dex:  9    Spells: 3 memorised, 1 level left

rFire  . . .     SeeInvis .     a - +0 mace
rCold  . . .     Gourm    .     b - +0 robe
rNeg   . . .     Faith    .     (no shield)
rPois  .         Spirit   .     (helmet restricted)
rElec  .         Reflect  .     (no cloak)
rCorr  .         Harm     .     (gloves unavailable)
MR     .....                    (boots unavailable)
Stlth  +.........               (no amulet)
                                (no ring)
                                (no ring)

@: no status effects
A: unfitting armour, tough skin 1
a: no special abilities


You were on level 2 of the Dungeon.
You were not hungry.

You visited 1 branch of the dungeon, and saw 2 of its levels.

You collected 12 gold pieces.

Inventory:

Hand Weapons
 a - a +0 mace (weapon)
Armour
 b - a +0 robe (worn)
Jewellery
 j - an uncursed amulet of harm {unknown}
Scrolls
 e - a scroll of fear {unknown}
 f - 4 scrolls of identify {unknown}
 k - 2 scrolls of remove curse {unknown}
 m - 2 scrolls of enchant armour {unknown}
 n - a scroll of immolation {unknown}
Potions
 g - a potion of heal wounds {unknown}
 h - a potion of flight {unknown}
 i - 2 potions of haste {unknown}
 l - a potion of mutation {unknown}
 o - a potion of curing {unknown}
Books
 c - a book of Battle

   Spells                             Type                      Level
   a - Infusion                       Charms                       1
   b - Shroud of Golubria             Charms/Translocation         2
   c - Song of Slaying                Charms                       2
   d - Spectral Weapon                Hexes/Charms                 3
   e - Regeneration                   Charms/Necromancy            3
Comestibles
 d - 2 bread rations
 p - 2 chunks of flesh
 q - a meat ration


   Skills:
 + Level 3.0 Fighting
 + Level 3.3 Maces & Flails
 + Level 1.6 Dodging
 + Level 2.7 Spellcasting
 + Level 2.7 Charms


You had one spell level left.
You knew the following spells:

 Your Spells              Type           Power        Failure   Level  Hunger
a - Infusion              Chrm           #...         12%         1    #......
b - Shroud of Golubria    Chrm/Tloc      #.........   21%         2    ###....
c - Regeneration          Chrm/Necr      #.........   43%         3    ###....


Dungeon Overview and Level Annotations

Branches:
Dungeon (2/15)

Altars:


Innate Abilities, Weirdness & Mutations

You are too large for most types of armour.
You have tough skin. (AC +1)


Message History

The gnoll is almost dead.
You are no longer magically infusing your attacks.
The gnoll hits you from afar with a halberd.
* * * LOW HITPOINT WARNING * * *
You are too injured to fight recklessly!
You are too injured to fight recklessly!
You are too injured to fight recklessly!
A frilled lizard comes into view.
The frilled lizard hisses angrily.
The frilled lizard bites you.
* * * LOW HITPOINT WARNING * * *
You closely miss the frilled lizard. The frilled lizard barely misses you.
The gnoll hits you with a club.
* * * LOW HITPOINT WARNING * * *
The gnoll closely misses you.
The gnoll hits you from afar with a halberd!
* * * LOW HITPOINT WARNING * * *
You hit the frilled lizard but do no damage.
The frilled lizard barely misses you. The gnoll hits you!
You die...

#.#....# .## #.####.#...
#.####.#.#####
#.............
#..###.#.####### #..#
#.#.#.....#
#..###.#.#.....# #
#).....#l#.....#
..#.##.#####@#.....###
.............gg........ .
.#.#[#.#.####g#........ .
...................... .
#.#.#.#.#..............
.......................
#.#.#.#.#............. #
..........##.#........ #.
#.#.#.#.#............####.


You could see 3 gnolls and a frilled lizard.

Vanquished Creatures
  A gnoll (D:2)
  A leopard gecko (D:2)
  2 ball pythons (D:2)
  A giant cockroach (D:1)
  4 hobgoblins (D:1)
  8 jackals
  5 bats
  2 frilled lizards
  2 kobolds (D:1)
  2 rats
28 creatures vanquished.

Notes
Turn   | Place    | Note
-------+----------+-------------------------------------------
     0 | D:1      | scalarboson the Ogre Skald began the quest for the Orb.
     0 | D:1      | Reached XP level 1. HP: 22/22 MP: 3/3
   108 | D:1      | Reached XP level 2. HP: 22/29 MP: 2/5
  1043 | D:2      | Reached XP level 3. HP: 34/36 MP: 3/6
  1085 | D:2      | Found a faded altar of an unknown god.
  1151 | D:2      | Learned a level 2 spell: Shroud of Golubria
  1155 | D:2      | Learned a level 3 spell: Regeneration
  1230 | D:2      | HP: 1/37 [gnoll/halberd (8)]
  1231 | D:2      | Mangled by a gnoll

Vault maps used:
D:1:      shiori_arrival_elements, minmay_tromino_i2
D:2:      ecumenical_altar_2, grunt_ministairs_11, hex_large,
          kennysheep_generic_room_11

Skill      XL: |  1  2  3 |
---------------+----------+-----
Maces & Flails | 3 |  3.3
Fighting       | 3 |  3.0
Dodging        | |  1.6
Spellcasting   | |  2.7
Charms         | |  2.7

Action                   || total
-------------------------++-------
Melee: Mace              ||    84
 Cast: Infusion          ||     9
  Eat: Chunk             ||     1
Armor: Robe              ||    45
Dodge: Dodged            ||    59
